| TOP OF THE 1ST |
|
Kane County Cougars batting - Pitching for South Bend Cubs : LHP Jose Carrillo
|
|
Pitching: LHP Jose Carrillo
|
|
|
Batting: LHB Willie Gutierrez
|
0-0: Ball 1-0: Called Strike 1-1: Swinging Strike 1-2: Foul Ball, location: 2F 1-2: Ball 2-2: Foul Ball, location: 2F 2-2: Ball 3-2: Base on Balls
|
|
Batting: RHB Franklin Villanueva
|
0-0: Ball 1-0: Called Strike 1-1: Ball 2-1: Foul Ball, location: 2F 2-2: Foul Ball, location: 2F 2-2: Strikes out swinging
|
|
Batting: LHB Kevin Ferguson
|
0-0: Foul Ball, location: 2F 0-1: 2-RUN HOME RUN (Flyball, 78XD, EV 113.1 MPH), Distance : 430 ft
|
|
Batting: RHB Dave Vargas
|
0-0: Foul Ball, location: 2F 0-1: Ball 1-1: Fly out, F8 (Flyball, 8RD, EV 109.4 MPH)
|
|
Batting: RHB John Pena
|
0-0: Ball 1-0: Foul Ball, location: 2F 1-1: Ball 2-1: Ball 3-1: Ground out 6-3 (Groundball, P, EV 79.4 MPH)
|
| Top of the 1st over - 2 runs, 1 hit, 0 errors, 0 left on base; Kane County 2 - South Bend 0 |
| BOTTOM OF THE 1ST |
|
South Bend Cubs batting - Pitching for Kane County Cougars : RHP Travis Plesz
|
|
Pitching: RHP Travis Plesz
|
|
|
Batting: RHB Jason Ostrom
|
0-0: Ball 1-0: Ball 2-0: Called Strike 2-1: Foul Ball, location: 2F 2-2: Ground out 6-3 (Groundball, 6, EV 86.3 MPH)
|
|
Batting: LHB Bill Tardiff
|
0-0: Ball 1-0: Ball 2-0: Ground out 1-3 (Groundball, 15S, EV 64.4 MPH)
|
|
Batting: RHB Mike Savage
|
0-0: Foul Ball, location: 2F 0-1: Ball 1-1: Swinging Strike 1-2: Ball 2-2: Ball 3-2: Foul Ball, location: 2F 3-2: Foul Ball, location: 2F 3-2: Strikes out looking
|
| Bottom of the 1st over - 0 runs, 0 hits, 0 errors, 0 left on base; Kane County 2 - South Bend 0 |
| TOP OF THE 2ND |
|
Kane County Cougars batting - Pitching for South Bend Cubs : LHP Jose Carrillo
|
|
Batting: RHB Marlon Reda
|
0-0: Ball 1-0: Called Strike 1-1: Ground out 6-3 (Groundball, 6, EV 93.8 MPH)
|
|
Batting: RHB Curt Barrett
|
0-0: Called Strike 0-1: Ball 1-1: Ball 2-1: Ball 3-1: Base on Balls
|
|
Batting: LHB T.J. Duvall
|
0-0: Swinging Strike 0-1: Called Strike 0-2: Ball 1-2: Ball 2-2: Ball 3-2: Foul Ball, location: 2F 3-2: Fly out, F5 (Popup, 56S, EV 74.4 MPH)
|
|
Batting: LHB Brian Nielsen
|
0-0: Called Strike 0-1: Foul Ball, location: 2F 0-2: Ball 1-2: Fielders Choice at 2nd, 6-4 (Groundball, 6, EV 85.6 MPH)
|
| Top of the 2nd over - 0 runs, 0 hits, 0 errors, 1 left on base; Kane County 2 - South Bend 0 |
| BOTTOM OF THE 2ND |
|
South Bend Cubs batting - Pitching for Kane County Cougars : RHP Travis Plesz
|
|
Batting: LHB Mike DiNardo
|
0-0: Ball 1-0: Swinging Strike 1-1: Called Strike 1-2: Strikes out swinging
|
|
Batting: SHB Benoît Morin
|
0-0: Ball 1-0: Foul Ball, location: 2F 1-1: Foul Ball, location: 2F 1-2: Fly out, F7 (Flyball, 7D, EV 98.1 MPH)
|
|
Batting: LHB Jim Polson
|
0-0: Ball 1-0: Called Strike 1-1: Foul Ball, location: 2F 1-2: Ball 2-2: Foul Ball, location: 2F 2-2: SINGLE (Groundball, 56D, EV 106.3 MPH)
|
|
Batting: RHB Omar Novoa
|
0-0: Called Strike 0-1: Ball 1-1: Swinging Strike 1-2: Ball 2-2: Ball 3-2: Strikes out swinging
|
| Bottom of the 2nd over - 0 runs, 1 hit, 0 errors, 1 left on base; Kane County 2 - South Bend 0 |
| TOP OF THE 3RD |
|
Kane County Cougars batting - Pitching for South Bend Cubs : LHP Jose Carrillo
|
|
Batting: LHB Willie Gutierrez
|
0-0: Ball 1-0: Foul Ball, location: 2F 1-1: Foul Ball, location: 2F 1-2: Ball 2-2: Foul Ball, location: 2F 2-2: Ball 3-2: SINGLE (Flyball, 56D, EV 88.1 MPH)
|
|
Batting: RHB Franklin Villanueva
|
0-0: Called Strike 0-1: Ball 1-1: Ball 2-1: Swinging Strike 2-2: Foul Ball, location: 2F 2-2: SINGLE (Line Drive, 34D, EV 105.6 MPH) Willie Gutierrez to second
|
|
Batting: LHB Kevin Ferguson
|
0-0: Foul Ball, location: 2F 0-1: Swinging Strike 0-2: DOUBLE (Flyball, 89XD, EV 98.1 MPH) Willie Gutierrez scores Franklin Villanueva to third
|
|
Batting: RHB Dave Vargas
|
0-0: Fly out, F7 (Flyball, 78D, EV 88.8 MPH) Runner from 3rd tags up, SCORES, throw by LF Kevin Ferguson to third
|
|
Batting: RHB John Pena
|
0-0: Called Strike 0-1: Ball 1-1: Swinging Strike 1-2: Strikes out swinging
|
|
Batting: RHB Marlon Reda
|
0-0: Ball 1-0: Ball 2-0: Swinging Strike 2-1: Swinging Strike 2-2: Strikes out swinging
|
| Top of the 3rd over - 2 runs, 3 hits, 0 errors, 1 left on base; Kane County 4 - South Bend 0 |
| BOTTOM OF THE 3RD |
|
South Bend Cubs batting - Pitching for Kane County Cougars : RHP Travis Plesz
|
|
Batting: RHB John Madden
|
0-0: Swinging Strike 0-1: Ball 1-1: Ball 2-1: Called Strike 2-2: Strikes out swinging
|
|
Batting: SHB Alvaro Andrade
|
0-0: Foul Ball, location: 2F 0-1: Swinging Strike 0-2: Ball 1-2: Ball 2-2: Foul Ball, location: 2F 2-2: Ball 3-2: Strikes out looking
|
|
Batting: RHB Jason Ostrom
|
0-0: Ball 1-0: Ground out 5-3 (Groundball, 5, EV 87.5 MPH)
|
| Bottom of the 3rd over - 0 runs, 0 hits, 0 errors, 0 left on base; Kane County 4 - South Bend 0 |
| TOP OF THE 4TH |
|
Kane County Cougars batting - Pitching for South Bend Cubs : LHP Jose Carrillo
|
|
Batting: RHB Curt Barrett
|
0-0: Ball 1-0: Ball 2-0: Ball 3-0: Base on Balls
|
|
Batting: LHB T.J. Duvall
|
0-0: Ball 1-0: Called Strike 1-1: Grounds into double play, 4-6-3 (Groundball, 4, EV 103.1 MPH)
|
|
Batting: LHB Brian Nielsen
|
0-0: Called Strike 0-1: Ground out 5-3 (Groundball, 56S, EV 80.0 MPH)
|
| Top of the 4th over - 0 runs, 0 hits, 0 errors, 0 left on base; Kane County 4 - South Bend 0 |
| BOTTOM OF THE 4TH |
|
South Bend Cubs batting - Pitching for Kane County Cougars : RHP Travis Plesz
|
|
Batting: LHB Bill Tardiff
|
0-0: Called Strike 0-1: Swinging Strike 0-2: Ball 1-2: Strikes out swinging
|
|
Batting: RHB Mike Savage
|
0-0: Ball 1-0: Foul Ball, location: 2F 1-1: Foul Ball, location: 2F 1-2: Ball 2-2: Ground out 4-3 (Groundball, 4MD, EV 94.4 MPH)
|
|
Batting: LHB Mike DiNardo
|
0-0: Ground out 4-3 (Groundball, 4, EV 89.4 MPH)
|
| Bottom of the 4th over - 0 runs, 0 hits, 0 errors, 0 left on base; Kane County 4 - South Bend 0 |
| TOP OF THE 5TH |
|
Kane County Cougars batting - Pitching for South Bend Cubs : LHP Jose Carrillo
|
|
Batting: LHB Willie Gutierrez
|
0-0: Ball 1-0: Called Strike 1-1: Ball 2-1: Fly out, F8 (Flyball, 8LD, EV 98.1 MPH)
|
|
Pitching: RHP Daniel Sullivan
|
|
|
Batting: RHB Franklin Villanueva
|
0-0: Ball 1-0: Ground out 6-3 (Groundball, 6M, EV 103.8 MPH)
|
|
Batting: LHB Kevin Ferguson
|
0-0: Foul Ball, location: 2F 0-1: Swinging Strike 0-2: Foul Ball, location: 2F 0-2: Ball 1-2: Fly out, F7 (Flyball, 7LM, EV 96.3 MPH)
|
| Top of the 5th over - 0 runs, 0 hits, 0 errors, 0 left on base; Kane County 4 - South Bend 0 |
| BOTTOM OF THE 5TH |
|
South Bend Cubs batting - Pitching for Kane County Cougars : RHP Travis Plesz
|
|
Batting: SHB Benoît Morin
|
0-0: Called Strike 0-1: Ball 1-1: Foul Ball, location: 2F 1-2: Ball 2-2: Foul Ball, location: 2F 2-2: Foul Ball, location: 2F 2-2: SINGLE (Line Drive, 6MD, EV 96.9 MPH)
|
|
Batting: LHB Jim Polson
|
0-0: Foul Ball, location: 2F 0-1: Ball 1-1: Swinging Strike 1-2: Ball 2-2: Ball 3-2: Strikes out swinging Benoît Morin steals 2nd, throwing error, E2 Benoît Morin to third
|
|
Batting: RHB Omar Novoa
|
0-0: Ball 1-0: Ball 2-0: Swinging Strike 2-1: Swinging Strike 2-2: Ball 3-2: Strikes out looking
|
|
Batting: RHB John Madden
|
0-0: Called Strike 0-1: Ball 1-1: Ball 2-1: 2-RUN HOME RUN (Line Drive, 7LD, EV 105.6 MPH), Distance : 380 ft
|
|
Batting: SHB Alvaro Andrade
|
0-0: Ball 1-0: Swinging Strike 1-1: Ground out 4-3 (Groundball, 4D, EV 103.1 MPH)
|
| Bottom of the 5th over - 2 runs, 2 hits, 1 error, 0 left on base; Kane County 4 - South Bend 2 |
| TOP OF THE 6TH |
|
Kane County Cougars batting - Pitching for South Bend Cubs : RHP Daniel Sullivan
|
|
Batting: RHB Dave Vargas
|
0-0: Ball 1-0: Ball 2-0: Called Strike 2-1: Called Strike 2-2: Ball 3-2: Ground out U3 (Groundball, 34S, EV 90.6 MPH)
|
|
Batting: RHB John Pena
|
0-0: Ball 1-0: Ball 2-0: Foul Ball, location: 2F 2-1: Foul Ball, location: 2F 2-2: Foul Ball, location: 2F 2-2: Strikes out swinging
|
|
Batting: RHB Marlon Reda
|
0-0: Ball 1-0: Foul Ball, location: 2F 1-1: Ground out 4-3 (Groundball, 4, EV 95.6 MPH)
|
| Top of the 6th over - 0 runs, 0 hits, 0 errors, 0 left on base; Kane County 4 - South Bend 2 |
| BOTTOM OF THE 6TH |
|
South Bend Cubs batting - Pitching for Kane County Cougars : RHP Travis Plesz
|
|
Batting: RHB Jason Ostrom
|
0-0: Foul Ball, location: 2F 0-1: DOUBLE (Flyball, 8LXD, EV 102.5 MPH)
|
|
Batting: LHB Bill Tardiff
|
0-0: Foul Ball, location: 2F 0-1: Ball 1-1: Called Strike 1-2: Ball 2-2: Ball 3-2: Base on Balls
|
|
Pitching: RHP Mike Cain
|
|
|
Batting: RHB Mike Savage
|
0-0: Ball 1-0: Foul Ball, location: 2F 1-1: Ball 2-1: Ball 3-1: Foul Ball, location: 2F 3-2: Base on Balls Jason Ostrom to third Bill Tardiff to second
|
|
Batting: LHB Mike DiNardo
|
0-0: Foul Ball, location: 2F 0-1: Ball 1-1: Foul Ball, location: 2F 1-2: Ball 2-2: Ball 3-2: Base on Balls Jason Ostrom scores Bill Tardiff to third Mike Savage to second
|
|
Batting: SHB Benoît Morin
|
0-0: Ball 1-0: Ball 2-0: Called Strike 2-1: Called Strike 2-2: Strikes out swinging
|
|
Batting: LHB Jim Polson
|
0-0: Ball 1-0: Ball 2-0: Foul Ball, location: 2F 2-1: Ball 3-1: Fielders Choice at 2nd, 4-6 (Groundball, 4M, EV 83.8 MPH) Bill Tardiff scores Mike Savage to third
|
|
Batting: RHB Omar Novoa
|
0-0: Foul Ball, location: 2F 0-1: Foul Ball, location: 2F 0-2: Fielders Choice at 2nd, 6-4 (Groundball, 6, EV 105.6 MPH)
|
| Bottom of the 6th over - 2 runs, 1 hit, 0 errors, 2 left on base; Kane County 4 - South Bend 4 |
| TOP OF THE 7TH |
|
Kane County Cougars batting - Pitching for South Bend Cubs : RHP Daniel Sullivan
|
|
Pitching: LHP Andres Lobato
|
|
|
Batting: RHB Curt Barrett
|
0-0: Called Strike 0-1: Ball 1-1: Foul Ball, location: 2F 1-2: Ball 2-2: Strikes out looking
|
|
Batting: LHB T.J. Duvall
|
0-0: Called Strike 0-1: Foul Ball, location: 2F 0-2: Strikes out swinging
|
|
Batting: LHB Brian Nielsen
|
0-0: Foul Ball, location: 2F 0-1: Ball 1-1: Swinging Strike 1-2: Ball 2-2: Ball 3-2: Strikes out swinging passed ball, reaches first!
|
|
Batting: LHB Willie Gutierrez
|
0-0: Called Strike 0-1: Ball 1-1: Ball 2-1: Foul Ball, location: 2F 2-2: Ball 3-2: Base on Balls Brian Nielsen to second
|
|
Batting: RHB Franklin Villanueva
|
0-0: Called Strike 0-1: Foul Ball, location: 2F 0-2: Strikes out swinging
|
| Top of the 7th over - 0 runs, 0 hits, 0 errors, 2 left on base; Kane County 4 - South Bend 4 |
| BOTTOM OF THE 7TH |
|
South Bend Cubs batting - Pitching for Kane County Cougars : RHP Mike Cain
|
|
Pitching: RHP Nate Bixler
|
|
|
Batting: RHB John Madden
|
0-0: DOUBLE (Groundball, 5L, EV 100.0 MPH)
|
|
Batting: SHB Alvaro Andrade
|
0-0: Ball 1-0: Called Strike 1-1: Ball 2-1: Ground out 6-3 (Groundball, 6, EV 81.3 MPH)
|
|
Batting: RHB Jason Ostrom
|
0-0: Called Strike 0-1: Ball 1-1: Ball Wild Pitch! John Madden to third 2-1: Ball 3-1: Base on Balls
|
|
Batting: LHB Bill Tardiff
|
0-0: Ball Jason Ostrom steals 2nd base 1-0: Called Strike 1-1: Ball 2-1: Ground out 6-3 (Groundball, 6M, EV 82.5 MPH) John Madden scores Jason Ostrom to third
|
|
Batting: RHB Mike Savage
|
0-0: Ball 1-0: Called Strike 1-1: Ball 2-1: Swinging Strike 2-2: Ground out 3-1 (Groundball, 34, EV 83.1 MPH)
|
| Bottom of the 7th over - 1 run, 1 hit, 0 errors, 1 left on base; Kane County 4 - South Bend 5 |
| TOP OF THE 8TH |
|
Kane County Cougars batting - Pitching for South Bend Cubs : LHP Andres Lobato
|
|
Pitching: LHP Nate George
|
|
|
Batting: LHB Kevin Ferguson
|
0-0: Foul Ball, location: 2F 0-1: Swinging Strike 0-2: Ball 1-2: Strikes out swinging
|
|
Batting: RHB Dave Vargas
|
0-0: Ball 1-0: Ball 2-0: DOUBLE (Flyball, 8RXD, EV 97.5 MPH)
|
|
Pitching: RHP Jason Scott
|
|
|
Batting: RHB John Pena
|
0-0: Ball 1-0: Foul Ball, location: 2F 1-1: Ball 2-1: SINGLE (Popup, P, EV 81.9 MPH) Dave Vargas to third
|
|
Batting: RHB Marlon Reda
|
0-0: Ball 1-0: Swinging Strike 1-1: Ball 2-1: Foul Ball, location: 2F 2-2: Ball 3-2: Base on Balls John Pena to second
|
|
Batting: RHB Curt Barrett
|
0-0: Grounds into fielders choice 6-2 (Groundball, 6, EV 76.9 MPH) John Pena to third Marlon Reda to second
|
|
Batting: LHB T.J. Duvall
|
0-0: Ball 1-0: Foul Ball, location: 2F 1-1: Ball 2-1: SINGLE (Groundball, 4MD, EV 105.6 MPH) John Pena scores Marlon Reda to third Curt Barrett to second Runner from 3rd tries for Home, SAFE, throw by CF to home
|
|
Batting: LHB Brian Nielsen
|
0-0: Ball 1-0: Foul Ball, location: 2F 1-1: Swinging Strike 1-2: Ball 2-2: Strikes out swinging
|
| Top of the 8th over - 2 runs, 3 hits, 0 errors, 2 left on base; Kane County 6 - South Bend 5 |
| BOTTOM OF THE 8TH |
|
South Bend Cubs batting - Pitching for Kane County Cougars : RHP Nate Bixler
|
|
Pitching: LHP Frank Rowe
|
|
|
Batting: LHB Mike DiNardo
|
0-0: Called Strike 0-1: Ball 1-1: Ball 2-1: Called Strike 2-2: Foul Ball, location: 2F 2-2: Strikes out swinging
|
|
Pitching: RHP Ming-feng Pi
|
|
|
Batting: SHB Benoît Morin
|
0-0: Called Strike 0-1: Fly out, F8 (Flyball, 8LXD, EV 93.1 MPH)
|
|
Batting: LHB Jim Polson
|
0-0: Swinging Strike 0-1: Foul Ball, location: 2F 0-2: DOUBLE (Line Drive, 78M, EV 97.5 MPH)
|
|
Batting: RHB Omar Novoa
|
0-0: Ball 1-0: Fly out, F7 (Flyball, 7LM, EV 89.4 MPH)
|
| Bottom of the 8th over - 0 runs, 1 hit, 0 errors, 1 left on base; Kane County 6 - South Bend 5 |
| TOP OF THE 9TH |
|
Kane County Cougars batting - Pitching for South Bend Cubs : RHP Jason Scott
|
|
Pitching: RHP Devin Ward
|
|
|
Batting: LHB Willie Gutierrez
|
0-0: Called Strike 0-1: Foul Ball, location: 2F 0-2: Ball 1-2: Ball 2-2: SINGLE (Groundball, 4MD, EV 100.6 MPH)
|
|
Batting: RHB Franklin Villanueva
|
0-0: Ball 1-0: Foul Ball, location: 2F 1-1: Foul Ball, location: 2F 1-2: Foul Ball, location: 2F 1-2: Strikes out swinging
|
|
Batting: LHB Kevin Ferguson
|
0-0: Ball 1-0: Swinging Strike 1-1: Called Strike Willie Gutierrez steals 2nd base 1-2: Fly out, F7 (Flyball, 7D, EV 92.5 MPH)
|
|
Batting: RHB Dave Vargas
|
0-0: Ball 1-0: Called Strike 1-1: Foul Ball, location: 2F 1-2: Foul Ball, location: 2F 1-2: Strikes out swinging
|
| Top of the 9th over - 0 runs, 1 hit, 0 errors, 1 left on base; Kane County 6 - South Bend 5 |
| BOTTOM OF THE 9TH |
|
South Bend Cubs batting - Pitching for Kane County Cougars : RHP Ming-feng Pi
|
|
Pitching: RHP Jose Fernandez
|
|
|
Batting: RHB John Madden
|
0-0: Foul Ball, location: 2F 0-1: Swinging Strike 0-2: Fly out, F7 (Flyball, 78S, EV 91.9 MPH)
|
|
Batting: SHB Alvaro Andrade
|
0-0: Foul Ball, location: 2F 0-1: Foul Ball, location: 2F 0-2: SINGLE (Groundball, 6MD, EV 105.0 MPH)
|
|
Batting: RHB Jason Ostrom
|
0-0: Swinging Strike 0-1: Ball 1-1: DOUBLE (Groundball, 5L, EV 101.3 MPH) Alvaro Andrade to third
|
|
Batting: LHB Bill Tardiff
|
0-0: Called Strike 0-1: Foul Ball, location: 2F 0-2: Strikes out swinging
|
|
Batting: RHB Mike Savage
|
0-0: Called Strike 0-1: Ball Wild Pitch! Alvaro Andrade scores Jason Ostrom to third 1-1: Swinging Strike 1-2: Ball 2-2: Ball 3-2: Foul Ball, location: 2F 3-2: Ground out 5-3 (Groundball, 56, EV 85.0 MPH)
|
| Bottom of the 9th over - 1 run, 2 hits, 0 errors, 1 left on base; Kane County 6 - South Bend 6 |
| TOP OF THE 10TH |
|
Kane County Cougars batting - Pitching for South Bend Cubs : RHP Devin Ward
|
|
Batting: RHB John Pena
|
0-0: Called Strike 0-1: Foul Ball, location: 2F 0-2: Foul Ball, location: 2F 0-2: Foul Ball, location: 2F 0-2: Ground out 2-3 (Groundball, 2L, EV 66.9 MPH)
|
|
Batting: RHB Marlon Reda
|
0-0: Called Strike 0-1: Fly out, F8 (Flyball, 8RD, EV 100.0 MPH)
|
|
Batting: RHB Curt Barrett
|
0-0: Ball 1-0: Called Strike 1-1: Ball 2-1: Called Strike 2-2: Ball 3-2: Strikes out looking
|
| Top of the 10th over - 0 runs, 0 hits, 0 errors, 0 left on base; Kane County 6 - South Bend 6 |
| BOTTOM OF THE 10TH |
|
South Bend Cubs batting - Pitching for Kane County Cougars : RHP Jose Fernandez
|
|
Batting: LHB Mike DiNardo
|
0-0: Called Strike 0-1: Ball 1-1: Foul Ball, location: 2F 1-2: Foul Ball, location: 2F 1-2: Strikes out looking
|
|
Batting: SHB Benoît Morin
|
0-0: Ground out 4-3 (Groundball, 4S, EV 79.4 MPH)
|
|
Batting: LHB Jim Polson
|
0-0: Ball 1-0: Foul Ball, location: 2F 1-1: Ball 2-1: Swinging Strike 2-2: Ground out 6-3 (Groundball, P, EV 87.5 MPH)
|
| Bottom of the 10th over - 0 runs, 0 hits, 0 errors, 0 left on base; Kane County 6 - South Bend 6 |
| TOP OF THE 11TH |
|
Kane County Cougars batting - Pitching for South Bend Cubs : RHP Devin Ward
|
|
Batting: LHB T.J. Duvall
|
0-0: Ball 1-0: Ball 2-0: Fly out, F7 (Flyball, 7, EV 88.1 MPH)
|
|
Pitching: RHP Jean-Paul Lefebvre
|
|
|
Batting: LHB Brian Nielsen
|
0-0: Fly out, F7 (Flyball, 7LM, EV 78.1 MPH)
|
|
Batting: LHB Willie Gutierrez
|
0-0: Called Strike 0-1: Ground out 6-3 (Groundball, 6, EV 88.8 MPH)
|
| Top of the 11th over - 0 runs, 0 hits, 0 errors, 0 left on base; Kane County 6 - South Bend 6 |
| BOTTOM OF THE 11TH |
|
South Bend Cubs batting - Pitching for Kane County Cougars : RHP Jose Fernandez
|
|
Batting: RHB Omar Novoa
|
0-0: Ground out 6-3 (Groundball, 6MD, EV 102.5 MPH)
|
|
Batting: RHB John Madden
|
0-0: SINGLE (Groundball, 56D, EV 106.3 MPH)
|
|
Batting: SHB Alvaro Andrade
|
0-0: Called Strike 0-1: Foul Ball, location: 2F 0-2: Foul Ball, location: 2F 0-2: Ball Wild Pitch! John Madden to second 1-2: Ground out 6-3 (Groundball, 6, EV 85.6 MPH)
|
|
Batting: RHB Jason Ostrom
|
0-0: Ball 1-0: Ball 2-0: Foul Ball, location: 2F 2-1: Ball 3-1: Called Strike 3-2: Foul Ball, location: 2F 3-2: Base on Balls
|
|
Pitching: LHP Wibawa Simbolon
|
|
|
Batting: LHB Bill Tardiff
|
0-0: Ball 1-0: Foul Ball, location: 2F 1-1: Foul Ball, location: 2F 1-2: Ball 2-2: Fly out, F9 (Flyball, 9LM, EV 78.8 MPH)
|
| Bottom of the 11th over - 0 runs, 1 hit, 0 errors, 2 left on base; Kane County 6 - South Bend 6 |
| TOP OF THE 12TH |
|
Kane County Cougars batting - Pitching for South Bend Cubs : RHP Jean-Paul Lefebvre
|
|
Batting: RHB Franklin Villanueva
|
0-0: Called Strike 0-1: Fly out, F9 (Flyball, 89D, EV 94.4 MPH)
|
|
Batting: LHB Kevin Ferguson
|
0-0: Ball 1-0: Ball 2-0: Ball 3-0: Base on Balls
|
|
Batting: RHB Dave Vargas
|
0-0: Foul Ball, location: 2F 0-1: Ball Kevin Ferguson steals 2nd base 1-1: Intentional Walk
|
|
Batting: RHB John Pena
|
0-0: Ball 1-0: Ball Kevin Ferguson steals 3rd base 2-0: Called Strike 2-1: Ground out U3 (Groundball, 13, EV 85.6 MPH) Dave Vargas to second
|
|
Batting: RHB Marlon Reda
|
0-0: Intentional Walk
|
|
Batting: RHB Curt Barrett
|
0-0: Fly out, F8 (Flyball, 8RD, EV 95.6 MPH)
|
| Top of the 12th over - 0 runs, 0 hits, 0 errors, 3 left on base; Kane County 6 - South Bend 6 |
| BOTTOM OF THE 12TH |
|
South Bend Cubs batting - Pitching for Kane County Cougars : LHP Wibawa Simbolon
|
|
Batting: RHB Mike Savage
|
0-0: Ball 1-0: Ball 2-0: Ball 3-0: Called Strike 3-1: Foul Ball, location: 2F 3-2: Ground out 5-3 (Groundball, 56S, EV 65.6 MPH)
|
|
Batting: LHB Mike DiNardo
|
0-0: Ground out 6-3 (Groundball, 6, EV 81.3 MPH)
|
|
Batting: SHB Benoît Morin
|
0-0: Ground out 4-3 (Groundball, 4, EV 96.3 MPH)
|
| Bottom of the 12th over - 0 runs, 0 hits, 0 errors, 0 left on base; Kane County 6 - South Bend 6 |
| TOP OF THE 13TH |
|
Kane County Cougars batting - Pitching for South Bend Cubs : RHP Jean-Paul Lefebvre
|
|
Batting: LHB T.J. Duvall
|
0-0: Called Strike 0-1: Called Strike 0-2: Foul Ball, location: 2F 0-2: Foul Ball, location: 2F 0-2: Strikes out swinging
|
|
Batting: LHB Brian Nielsen
|
0-0: Called Strike 0-1: Ground out 4-3 (Groundball, 4S, EV 73.8 MPH)
|
|
Batting: LHB Willie Gutierrez
|
0-0: SINGLE (Groundball, 25, EV 69.4 MPH) (infield hit)
|
|
Batting: RHB Franklin Villanueva
|
0-0: Called Strike 0-1: Hit by Pitch Willie Gutierrez to second
|
|
Batting: LHB Kevin Ferguson
|
0-0: Ball 1-0: Called Strike 1-1: Foul Ball, location: 2F 1-2: Strikes out looking
|
| Top of the 13th over - 0 runs, 1 hit, 0 errors, 2 left on base; Kane County 6 - South Bend 6 |
| BOTTOM OF THE 13TH |
|
South Bend Cubs batting - Pitching for Kane County Cougars : LHP Wibawa Simbolon
|
|
Batting: LHB Jim Polson
|
0-0: Foul Ball, location: 2F 0-1: Swinging Strike 0-2: Strikes out swinging
|
|
Batting: RHB Omar Novoa
|
0-0: Foul Ball, location: 2F 0-1: TRIPLE (Flyball, 89XD, EV 108.8 MPH)
|
|
Batting: RHB John Madden
|
0-0: Intentional Walk
|
|
Batting: SHB Alvaro Andrade
|
0-0: Ball 1-0: Called Strike 1-1: SINGLE (Groundball, 56D, EV 101.9 MPH) Omar Novoa scores
|
| Bottom of the 13th over - 1 run, 2 hits, 0 errors, 0 left on base; Kane County 6 - South Bend 7 |
| |
|
Game Over ... South Bend defeats Kane County, 7 to 6
|
|
|